AoeStats
← ElMasterLoncho

Black Forest

508145375Analyzed
2v2 RM · 12d ago on Sep 21, 2026· 49m 35s· 4 players
Game mode
Random Map
Map size
Medium (4 player)
Population
200
Speed
Normal
Resources
Standard
Victory
Conquest
Starting age
Dark Age
Ending age
Imperial Age
RankedLock teamsTeams togetherTeam positionsShared explorationLock speedFull tech treeHidden civsTurbo modeCheats
Victory
Defeat
🇨🇱 Poles · Chile
1189
+13
🇺🇸 Goths · United States
1034
+19
1189
-19
🇲🇽 Khmer · Mexico
1035
-13
ElMasterLoncho
0:40 Loom
12:07 Feudal Age
15:05 Double-Bit Axe
18:16 Castle Age
19:04 Wheelbarrow
19:35 Horse Collar
22:50 Gold Mining
25:22 Stone Mining
30:10 Imperial Age
29:57 Gold Shaft Mining
29:45 Hand Cart
29:18 Town Watch
31:33 Bow Saw
31:27 Town Patrol
31:43 Scale Barding Armor
32:29 Bloodlines
32:23 Husbandry
32:13 Light Cavalry
34:00 Chemistry
33:04 Heavy Scorpion
35:33 Forging
35:38 Double Crossbow
36:01 Heavy Plow
36:40 Hussar
38:23 Iron Casting
38:34 Siege Engineers
40:58 Blast Furnace
40:19 Chain Barding Armor
[GDL] REVOLVER CANNABIS
3:35 Loom
11:21 Feudal Age
15:19 Castle Age
15:59 Double-Bit Axe
21:26 Scale Mail Armor
22:53 Fishing Lines
28:25 Imperial Age
26:45 Horse Collar
28:10 Bow Saw
27:58 Gold Mining
29:34 Gold Shaft Mining
30:10 Chemistry
29:37 Conscription
30:29 Fletching
31:11 Ballistics
33:31 Thumb Ring
34:35 Shatagni
35:17 Forging
37:09 Pikeman
38:05 Chain Mail Armor
38:10 Bloodlines
38:49 Husbandry
40:44 Scale Barding Armor
43:21 Light Cavalry
THE REAL DEAL*
0:27 Loom
14:26 Feudal Age
18:26 Castle Age
16:44 Double-Bit Axe
16:41 Horse Collar
18:46 Wheelbarrow
28:27 Bow Saw
30:15 Hand Cart
33:47 Imperial Age
31:55 Heavy Plow
31:50 Pikeman
35:44 Chemistry
34:59 Onager
37:02 Man-at-Arms
37:39 Gold Mining
39:02 Conscription
39:44 Two-Man Saw
39:16 Crop Rotation
38:50 Caravan
39:27 Town Watch
40:54 Town Patrol
41:25 Masonry
43:09 Perfusion
43:47 Halberdier
45:39 Anarchy
48:06 Elite Huskarl
49:52 Scale Mail Armor
Endurance
0:26 Loom
12:59 Feudal Age
17:16 Castle Age
15:17 Double-Bit Axe
15:46 Horse Collar
21:14 Gold Mining
21:26 Stone Mining
21:49 Stone Mining
22:50 Bow Saw
22:42 Heavy Plow
25:56 Wheelbarrow
29:43 Imperial Age
28:23 Stone Shaft Mining
28:35 Ballistics
29:07 Fletching
29:23 Scale Barding Armor
31:29 Chemistry
30:41 Forging
30:36 Scale Mail Armor
30:56 Chain Barding Armor
30:37 Bodkin Arrow
31:46 Hand Cart
31:16 Town Watch
32:01 Conscription
32:21 Crop Rotation
32:18 Bloodlines
32:08 Husbandry
32:32 Szlachta Privileges
32:13 Cavalier
33:58 Conscription
34:13 Town Patrol
33:38 Light Cavalry
34:35 Chain Mail Armor
34:56 Iron Casting
34:26 Padded Archer Armor
36:05 Plate Mail Armor
40:42 Blast Furnace
39:42 Bracer
39:51 Siege Engineers
40:03 Leather Archer Armor
Connection lost

Rejoining the realm…

Still unreachable

The connection could not be restored.

Session expired

The server has moved on; the page needs a fresh start.